General information
- name: BNet
- type: Ladder team game (AT/RT)
- host: Battle.net
- saver: Tommy_Wiseau
map: Slalom
- players: 8
- length: 24:24
- speed: Fast
- version: 1.26 W3XP
- replay type: Public
» download(207 KB)
Players
team 1 (loser)
TheRealNewer (
purple | 62 APM | 1509 actions | 24:19)
6 Archmage
3 Summon Water Elemental
2 Brilliance Aura
1 Mass Teleport
5 Mountain King
3 Storm Bolt
2 Bash
3 Paladin
2 Holy Light
1 Divine Shield
» actions
| Assign group hotkey | 34 | |
| Build / train | 90 | |
| ESC pressed | 2 | |
| Enter build submenu | 37 | |
| Enter hero's abilities submenu | 15 | |
| Give item / drop item | 2 | |
| Right click | 408 | |
| Select / deselect | 406 | |
| Select group hotkey | 391 | |
| Use ability | 124 | |
1509 total
» units
| Peasant | 17 | |
| Rifleman | 16 | |
| Siege Engine | 3 | |
36 total
» upgrades
| Gunpowder | 3 | |
| Armor | 3 | |
| Masonry | 3 | |
| Long Rifles | 1 | |
| Lumber Harvesting | 2 | |
| Fragmentation Shards | 1 | |
| Barrage | 1 | |
| Plating | 3 | |
17 total
» buildings
| Farm | 15 | |
| Altar of Kings | 1 | |
| Blacksmith | 1 | |
| Barracks | 2 | |
| Lumber Mill | 2 | |
| Scout Tower | 9 | |
| Arcane Vault | 1 | |
| Arcane Tower | 1 | |
| Town Hall | 1 | |
| Keep | 1 | |
| Guard Tower | 4 | |
| Castle | 1 | |
| Workshop | 3 | |
42 total
» build order
01:05 Farm
01:21 Altar of Kings
01:37 Blacksmith
01:42 Farm
01:52 Barracks
02:07 Lumber Mill
02:18 Farm
02:24 Scout Tower
02:49 Arcane Vault
02:54 Arcane Tower
02:58 Farm
04:29 Farm
05:35 Town Hall
05:38 Scout Tower
05:39 Scout Tower
05:40 Scout Tower
05:41 Scout Tower
05:45 Scout Tower
06:05 Keep
06:07 Guard Tower
06:11 Guard Tower
06:19 Guard Tower
07:37 Barracks
07:39 Farm
09:16 Castle
09:30 Farm
09:31 Farm
10:23 Farm
10:24 Farm
10:26 Farm
11:14 Farm
11:15 Farm
11:40 Farm
12:01 Farm
12:51 Lumber Mill
12:57 Workshop
13:53 Workshop
15:36 Workshop
18:37 Scout Tower
18:40 Scout Tower
18:43 Scout Tower
19:44 Guard Tower
» items
| Scroll of Regeneration | 6 | |
| Boots of Speed | 1 | |
| Periapt of Vitality | 1 | |
| Potion of Lesser Invulnerability | 1 | |
| Orb of Fire | 1 | |
| Scroll of Town Portal | 1 | |
| Orb of Lightning | 1 | |
12 total
Capt.Char (
green | 57 APM | 1317 actions | 23:06)
6 Shadow Hunter
3 Hex
3 Healing Wave
» actions
| Assign group hotkey | 17 | |
| Basic commands | 28 | |
| Build / train | 58 | |
| ESC pressed | 1 | |
| Enter build submenu | 17 | |
| Enter hero's abilities submenu | 6 | |
| Right click | 542 | |
| Select / deselect | 188 | |
| Select group hotkey | 369 | |
| Use ability | 91 | |
1317 total
» units
| Peon | 12 | |
| Grunt | 7 | |
| Troll Batrider | 13 | |
| Raider | 2 | |
34 total
» upgrades
| Melee Weapons | 2 | |
| Armor | 2 | |
| Pillage | 1 | |
| Ensnare | 1 | |
| Liquid Fire | 1 | |
7 total
» buildings
| Altar of Storms | 1 | |
| Orc Burrow | 6 | |
| Barracks | 1 | |
| Voodoo Lounge | 1 | |
| War Mill | 1 | |
| Stronghold | 1 | |
| Beastiary | 2 | |
| Great Hall | 3 | |
| Fortress | 1 | |
| Watch Tower | 2 | |
19 total
» build order
00:55 Altar of Storms
01:00 Orc Burrow
01:20 Barracks
02:23 Orc Burrow
02:45 Orc Burrow
02:49 Voodoo Lounge
03:03 War Mill
04:26 Stronghold
06:55 Beastiary
06:59 Beastiary
08:59 Orc Burrow
09:02 Orc Burrow
09:04 Orc Burrow
11:45 Great Hall
13:14 Fortress
16:15 Great Hall
22:08 Great Hall
22:22 Watch Tower
22:24 Watch Tower
» items
| Healing Salve | 3 | |
| Lesser Clarity Potion | 1 | |
| Scroll of Town Portal | 2 | |
| Potion of Healing | 1 | |
| Orb of Lightning | 1 | |
8 total

»
JuTT (
yellow | 53 APM | 1303 actions | 24:23)
6 Archmage
3 Summon Water Elemental
2 Brilliance Aura
1 Mass Teleport
» actions
| Build / train | 85 | |
| ESC pressed | 1 | |
| Enter build submenu | 19 | |
| Enter hero's abilities submenu | 6 | |
| Give item / drop item | 1 | |
| Right click | 763 | |
| Select / deselect | 364 | |
| Use ability | 64 | |
1303 total
» units
| Peasant | 24 | |
| Rifleman | 20 | |
| Mortar Team | 11 | |
| Troll Batrider | 6 | |
61 total
» upgrades
| Gunpowder | 3 | |
| Armor | 3 | |
| Flare | 2 | |
| Long Rifles | 1 | |
| Fragmentation Shards | 1 | |
10 total
» buildings
| Altar of Kings | 1 | |
| Farm | 15 | |
| Blacksmith | 1 | |
| Barracks | 1 | |
| Lumber Mill | 1 | |
| Town Hall | 1 | |
| Keep | 1 | |
| Workshop | 2 | |
| Arcane Vault | 2 | |
| Castle | 1 | |
26 total
» build order
00:16 Altar of Kings
00:22 Farm
00:57 Blacksmith
01:38 Barracks
01:51 Farm
02:14 Lumber Mill
02:22 Farm
03:11 Farm
03:15 Farm
03:18 Farm
03:34 Farm
04:59 Town Hall
05:36 Keep
06:40 Farm
06:41 Farm
06:45 Farm
06:46 Farm
06:47 Farm
08:06 Workshop
08:09 Workshop
09:14 Farm
10:08 Farm
10:10 Farm
13:31 Arcane Vault
13:34 Arcane Vault
15:54 Castle
» items
| Scroll of Town Portal | 3 | |
| Scroll of Protection | 1 | |
4 total

»
HCD4Life (
orange | 38 APM | 863 actions | 22:27)
6 Warden
3 Fan of Knives
2 Blink
1 Spirit of Vengeance
» actions
| Assign group hotkey | 12 | |
| Build / train | 70 | |
| ESC pressed | 1 | |
| Enter build submenu | 23 | |
| Enter hero's abilities submenu | 6 | |
| Give item / drop item | 3 | |
| Right click | 273 | |
| Select / deselect | 209 | |
| Select group hotkey | 217 | |
| Use ability | 49 | |
863 total
» units
| Wisp | 27 | |
| Archer | 6 | |
| Hippogryph | 12 | |
| Chimaera | 4 | |
49 total
» upgrades
| Improved Bows | 1 | |
| Hippogryph Taming | 1 | |
| Strength of the Wild | 3 | |
| Reinforced Hides | 3 | |
| Nature's Blessing | 1 | |
| Abolish Magic | 1 | |
| Corrosive Breath | 1 | |
11 total
» buildings
| Altar of Elders | 1 | |
| Moon Well | 8 | |
| Ancient of War | 1 | |
| Ancient of Wonders | 1 | |
| Tree of Ages | 1 | |
| Hunter's Hall | 1 | |
| Ancient of Wind | 4 | |
| Tree of Life | 2 | |
| Ancient Protector | 3 | |
| Tree of Eternity | 1 | |
| Chimaera Roost | 2 | |
| Ancient of Lore | 3 | |
28 total
» build order
00:43 Altar of Elders
00:53 Moon Well
01:18 Ancient of War
01:48 Ancient of Wonders
01:52 Moon Well
02:50 Moon Well
03:08 Tree of Ages
03:46 Hunter's Hall
05:09 Moon Well
05:40 Ancient of Wind
05:41 Ancient of Wind
05:48 Ancient of Wind
05:53 Ancient of Wind
06:33 Moon Well
07:01 Tree of Life
07:12 Ancient Protector
07:13 Ancient Protector
07:14 Ancient Protector
07:41 Moon Well
09:53 Tree of Eternity
10:58 Moon Well
11:36 Moon Well
12:19 Chimaera Roost
12:24 Chimaera Roost
13:30 Ancient of Lore
13:39 Ancient of Lore
13:55 Ancient of Lore
17:45 Tree of Life
» items
team 2 (winner)

»
AWARE (
pink | 100 APM | 2451 actions | 24:24)
4 Dark Ranger
2 Black Arrow
2 Silence
4 Keeper of the Grove
2 Entangling Roots
2 Thorns Aura
3 Priestess of the Moon
2 Trueshot Aura
1 Searing Arrows
» actions
| Assign group hotkey | 710 | |
| Basic commands | 5 | |
| Build / train | 74 | |
| Enter build submenu | 21 | |
| Enter hero's abilities submenu | 12 | |
| Give item / drop item | 3 | |
| Remove unit from queue | 6 | |
| Right click | 871 | |
| Select / deselect | 348 | |
| Select group hotkey | 351 | |
| Use ability | 50 | |
2451 total
» units
» upgrades
| Well Spring | 1 | |
| Strength of the Wild | 2 | |
| Corrosive Breath | 1 | |
4 total
» buildings
| Altar of Elders | 1 | |
| Moon Well | 9 | |
| Tree of Ages | 1 | |
| Tree of Eternity | 1 | |
| Ancient of Wind | 1 | |
| Ancient of Wonders | 1 | |
| Hunter's Hall | 1 | |
| Chimaera Roost | 3 | |
| Tree of Life | 2 | |
20 total
» build order
00:08 Altar of Elders
00:22 Moon Well
01:56 Tree of Ages
04:20 Moon Well
04:21 Tree of Eternity
04:24 Ancient of Wind
05:11 Ancient of Wonders
06:27 Hunter's Hall
07:23 Chimaera Roost
07:25 Chimaera Roost
08:02 Tree of Life
08:41 Moon Well
08:41 Moon Well
08:43 Moon Well
12:04 Chimaera Roost
14:08 Moon Well
15:23 Moon Well
16:15 Tree of Life
19:12 Moon Well
19:13 Moon Well
» items
| Lesser Clarity Potion | 1 | |
| Healing Salve | 1 | |
| Scroll of Speed | 1 | |
| Boots of Speed | 3 | |
| Orb of Venom | 10 | |
| Scroll of Town Portal | 2 | |
| Orb of Lightning | 2 | |
20 total

»
Just_a_n00b (
red | 151 APM | 3688 actions | 24:24)
5 Warden
3 Shadow Strike
2 Blink
4 Keeper of the Grove
2 Entangling Roots
2 Thorns Aura
» actions
| Assign group hotkey | 194 | |
| Basic commands | 252 | |
| Build / train | 104 | |
| ESC pressed | 4 | |
| Enter build submenu | 18 | |
| Enter hero's abilities submenu | 10 | |
| Right click | 1019 | |
| Select / deselect | 301 | |
| Select group hotkey | 1678 | |
| Use ability | 108 | |
3688 total
» units
| Wisp | 32 | |
| Hippogryph | 29 | |
| Chimaera | 7 | |
68 total
» upgrades
| Ultravision | 1 | |
| Strength of the Wild | 2 | |
| Reinforced Hides | 2 | |
| Corrosive Breath | 1 | |
6 total
» buildings
| Altar of Elders | 1 | |
| Moon Well | 6 | |
| Hunter's Hall | 1 | |
| Tree of Ages | 5 | |
| Ancient of Wonders | 1 | |
| Tree of Eternity | 2 | |
| Ancient of Wind | 3 | |
| Chimaera Roost | 3 | |
| Tree of Life | 2 | |
| Ancient Protector | 1 | |
25 total
» build order
00:15 Altar of Elders
00:23 Moon Well
01:33 Hunter's Hall
01:40 Moon Well
03:41 Tree of Ages
03:42 Tree of Ages
03:42 Tree of Ages
03:42 Tree of Ages
04:27 Moon Well
04:32 Ancient of Wonders
04:36 Moon Well
05:32 Moon Well
06:33 Tree of Eternity
06:34 Tree of Eternity
06:36 Ancient of Wind
07:00 Ancient of Wind
09:22 Chimaera Roost
09:26 Chimaera Roost
09:29 Chimaera Roost
10:09 Tree of Life
11:49 Ancient Protector
15:00 Ancient of Wind
15:50 Moon Well
20:49 Tree of Life
» items
| Potion of Healing | 3 | |
| Orb of Venom | 1 | |
| Anti-magic Potion | 1 | |
5 total
Icarium (
teal | 60 APM | 1455 actions | 24:24)
5 Blademaster
2 Wind Walk
3 Critical Strike
3 Shadow Hunter
2 Healing Wave
1 Serpent Ward
3 Tauren Chieftain
1 War Stomp
2 Endurance Aura
» actions
| Assign group hotkey | 54 | |
| Basic commands | 151 | |
| Build / train | 86 | |
| ESC pressed | 9 | |
| Enter build submenu | 20 | |
| Enter hero's abilities submenu | 12 | |
| Give item / drop item | 6 | |
| Right click | 263 | |
| Select / deselect | 244 | |
| Select group hotkey | 499 | |
| Use ability | 111 | |
1455 total
» units
| Peon | 21 | |
| Grunt | 4 | |
| Wind Rider | 13 | |
| Shaman | 8 | |
| Raider | 4 | |
50 total
» upgrades
| Armor | 4 | |
| Ranged Weapons | 3 | |
| Shaman Training | 2 | |
| Envenomed Spears | 1 | |
| Melee Weapons | 2 | |
| Ensnare | 1 | |
| Berserker Strength | 1 | |
| Pillage | 1 | |
15 total
» buildings
| Altar of Storms | 1 | |
| Orc Burrow | 8 | |
| Barracks | 1 | |
| Voodoo Lounge | 1 | |
| War Mill | 1 | |
| Stronghold | 1 | |
| Great Hall | 2 | |
| Fortress | 1 | |
| Spirit Lodge | 1 | |
| Beastiary | 3 | |
20 total
» build order
00:44 Altar of Storms
00:47 Orc Burrow
01:39 Barracks
02:04 Orc Burrow
02:07 Voodoo Lounge
02:17 War Mill
03:58 Stronghold
04:01 Orc Burrow
04:42 Great Hall
05:15 Orc Burrow
06:45 Fortress
07:02 Spirit Lodge
07:09 Beastiary
07:33 Beastiary
07:54 Beastiary
09:14 Orc Burrow
11:29 Orc Burrow
14:08 Orc Burrow
14:31 Orc Burrow
21:25 Great Hall
» items
| Healing Salve | 1 | |
| Orb of Corruption | 1 | |
| Scroll of Town Portal | 1 | |
| Orb of Lightning | 1 | |
4 total
Tommy_Wiseau (
blue | 70 APM | 1701 actions | 24:24)
4 Goblin Alchemist
2 Acid Bomb
2 Chemical Rage
4 Death Knight
2 Death Coil
2 Unholy Aura
3 Lich
2 Frost Nova
1 Dark Ritual
» actions
| Assign group hotkey | 27 | |
| Basic commands | 163 | |
| Build / train | 68 | |
| Enter build submenu | 25 | |
| Enter hero's abilities submenu | 12 | |
| Right click | 419 | |
| Select / deselect | 416 | |
| Select group hotkey | 491 | |
| Use ability | 80 | |
1701 total
» units
| Acolyte | 7 | |
| Ghoul | 5 | |
| Necromancer | 10 | |
| Meatwagon | 7 | |
29 total
» upgrades
| Unholy Strength | 3 | |
| Unholy Armor | 3 | |
| Necromancer Training | 2 | |
| Skeletal Longevity | 1 | |
| Exhume Corpses | 1 | |
| Skeletal Mastery | 2 | |
12 total
» buildings
| Crypt | 1 | |
| Altar of Darkness | 1 | |
| Ziggurat | 9 | |
| Nerubian Tower | 2 | |
| Graveyard | 1 | |
| Halls of the Dead | 1 | |
| Tomb of Relics | 1 | |
| Slaughterhouse | 1 | |
| Temple of the Damned | 2 | |
| Black Citadel | 1 | |
| Spirit Tower | 2 | |
22 total
» build order
00:08 Crypt
00:26 Altar of Darkness
00:42 Ziggurat
01:55 Nerubian Tower
02:02 Graveyard
02:07 Ziggurat
03:07 Halls of the Dead
04:16 Tomb of Relics
04:24 Ziggurat
05:50 Slaughterhouse
05:53 Temple of the Damned
05:54 Temple of the Damned
06:28 Black Citadel
10:43 Ziggurat
11:26 Ziggurat
11:27 Ziggurat
13:28 Nerubian Tower
13:28 Spirit Tower
13:29 Ziggurat
14:48 Spirit Tower
19:47 Ziggurat
19:48 Ziggurat
» items
| Potion of Healing | 4 | |
| Orb of Corruption | 1 | |
| Potion of Mana | 1 | |
6 total
Chat log
(00:12 / Allies) Tommy_Wiseau: Yeah
(00:13 / Allies) Tommy_Wiseau: Aight
(00:16 / Allies) Tommy_Wiseau: You konw what it is
(00:17 / Allies) Tommy_Wiseau: necrowagon
(00:18 / Allies) Tommy_Wiseau: necrowagon
(00:20 / Allies) Tommy_Wiseau: necrowagon
(00:23 / Allies) Icarium: clear mines asap
(00:26 / Allies) Icarium: oh so you're bsing
(00:27 / Allies) Icarium: boring
(00:36 / Allies) Tommy_Wiseau: how the hell do you get bsing out of that
(00:41 / Allies) Icarium: your necrowagons will be killed by level 1 peons
(00:47 / Allies) Tommy_Wiseau: uh
(00:48 / Allies) Tommy_Wiseau: peons
(00:49 / Allies) Tommy_Wiseau: what
(00:52 / Allies) Tommy_Wiseau: are you
(01:01 / Allies) Icarium: my point is they are super weak
(01:07 / Allies) Icarium: and any army, even a shitty one, can kill
(01:11 / Allies) Icarium: which makes you essentially bsing
(01:13 / Allies) Tommy_Wiseau: only if they have anti caster
(01:15 / Allies) Tommy_Wiseau: which they won't
(01:17 / Allies) Tommy_Wiseau: becuase this is 4s rt
(01:26 / Allies) Tommy_Wiseau: such concepts are unknown to them
(01:28 / Allies) Icarium: ahhh, i stand corrected
(01:32 / Allies) Icarium: thought you meant only wagons
(01:53 / Allies) Icarium: all four heroes meet here plz
(01:56 / Allies) Icarium: we clear mine for everyone
(01:58 / Allies) Icarium: no late heroes plz
(02:27 / Allies) Icarium: come
(03:06 / Allies) Icarium: NEED FOUR HEROES
(03:06 / Allies) Icarium: HERE
(03:22 / Allies) Tommy_Wiseau: awwwww
(03:23 / Allies) Tommy_Wiseau: i messed up
(03:25 / Allies) Icarium: or not
(03:30 / Allies) Icarium: or yes
(03:42 / Allies) Icarium: blue wtf you sukc
(04:09 / Allies) Tommy_Wiseau: you're the one who mistook NECROWAGON as JUST WAGONS
(04:19 / Allies) Icarium: you're the one who lost heroes
(04:21 / Allies) Icarium: and like ten ghouls
(04:27 / Allies) Tommy_Wiseau: i... only brought one ghoul
(04:37 / Allies) Icarium: and sent at least two to death after hero died
(04:45 / Allies) Tommy_Wiseau: i did?
(04:45 / Allies) Tommy_Wiseau: lol
(04:49 / Allies) Icarium: yup
(04:51 / Allies) Tommy_Wiseau: oh well
(04:52 / Allies) Tommy_Wiseau: it happens
(04:53 / Allies) Icarium: you had them walk into creep
(05:26 / Allies) Icarium: EXPAND
(05:26 / Allies) Icarium: ALL
(05:27 / Allies) Icarium: NOW
(05:35 / Allies) Tommy_Wiseau: someone wanna help get mines wit me?
(06:05 / Allies) Icarium: jesus christ
(06:09 / Allies) Tommy_Wiseau: alrightguess not then
(06:14 / Allies) Icarium: this not a...um...amazing team
(06:19 / Allies) Just_a_n00b: wtf
(06:28 / Allies) Just_a_n00b: teal we helped you expanding
(06:31 / Allies) Just_a_n00b: and you dont
(06:35 / Allies) Icarium: and everyone dying?
(07:37 / Allies) Just_a_n00b: lol
(09:48 / Allies) Icarium: BACK PINK
(11:39 / Allies) Icarium: ORB MINE
(11:40 / Allies) Icarium: GIVE
(11:43 / Allies) Icarium: give it badk
(11:46 / Allies) Icarium: YOU SHIT ALRADY RANGED
(11:49 / Allies) Icarium: GIVE ME ORB PINK
(11:56 / Allies) Icarium: pink GIVE ORB
(12:19 / Allies) Tommy_Wiseau: maybe he's getting back at you for complaining that we didn't help you creep and then not help us creep our mines
(14:00 / Allies) Icarium: cunt bought two now
(14:01 / Allies) Icarium: iw ill have to bs
(14:15 / Allies) Tommy_Wiseau: b red
(18:29 / Allies) Tommy_Wiseau: yeah
(18:36 / Allies) Tommy_Wiseau: that sucked
(18:36 / Allies) Tommy_Wiseau: lol
(18:58 / Allies) Icarium: HWERA REYOU1!!
(19:07 / Allies) Icarium: whersi srest of TREAM1?!!?
(19:12 / Allies) Icarium: Y AM I ONLY ONE FIGHTING??
(19:14 / Allies) Tommy_Wiseau: maybe you shouldn't have ran off like that
(19:18 / Allies) Tommy_Wiseau: if we weren't there
(19:22 / Allies) Tommy_Wiseau: getting yourself killed for no reason
(20:48 / Allies) AWARE: net batriders
(20:51 / Allies) Just_a_n00b: gonna need cash
(20:56 / Allies) Icarium: GIOLKDK
(20:58 / Allies) Icarium: GOLD
(20:59 / Allies) Icarium: ME REBUILD
(21:00 / Allies) Icarium: NOW
(21:02 / Allies) Icarium: 200 GOLD NOW
(21:10 / Allies) Icarium: 200 GOLD
(21:11 / Allies) Icarium: now
(21:13 / Allies) Icarium: FOR REBUILD
(21:51 / Allies) Just_a_n00b: together
(23:24 / Allies) Icarium: GET AIR AWAY FROM TANKS IDIOT
(24:18 / All) TheRealNewer: suck team